 Dungeon Crawl Stone Soup version 0.17.0-7-gfadd4cc (webtiles) character file.

8860 JudasIscariot the Nimble (level 11, -4/69 HPs)
             Began as a Kobold Abyssal Knight on Nov 9, 2015.
             Was a High Priest of Lugonu.
             Slain by a blink frog (14 damage)
             ... on level 2 of the Lair of Beasts.
             The game lasted 00:43:33 (10296 turns).

JudasIscariot the Nimble (Kobold Abyssal Knight)   Turns: 10296, Time: 00:43:34

Health: -4/69      AC: 10    Str: 13    XL:     11   Next: 63%
Magic:  22/22      EV: 29    Int: 15    God:    Lugonu [*****.]
Gold:   385        SH:  0    Dex: 26    Spells: 0 memorised, 10 levels left

rFire  . . .     SeeInvis .     n - +1 short sword (venom)
rCold  + . .     Clarity  .     F - +0 leather armour {rC+}
rNeg   . . .     SustAt   .     (shield restricted)
rPois  .         Gourm    .     J - +0 helmet
rElec  .         Spirit   .     D - +0 cloak
rCorr  .         Warding  .     y - +2 pair of gloves
rMut   .         Stasis   .     j - +0 pair of boots
MR     .....                    (no amulet)
Stlth  ++++++....               P - ring of Vilalar {*Drain MP+9 Int+5 Dex+5}
                                q - +4 ring of dexterity

@: not resistant to hostile enchantments, very stealthy
A: carnivore 3
a: Depart the Abyss, Bend Space, Banish, Corrupt, Enter the Abyss, Renounce
Religion


You were on level 2 of the Lair of Beasts.
You worshipped Lugonu.
Lugonu was extremely pleased with you.
You were very full.

You visited 2 branches of the dungeon, and saw 10 of its levels.
You visited the Abyss 1 time.
You also visited: Sewer.

You collected 583 gold pieces.
You spent 198 gold pieces at shops.

Inventory:

Hand Weapons
 a - a +1 short sword
 d - a +2 vampiric dagger
 n - a +1 short sword of venom (weapon)
Missiles
 I - 49 poisoned needles
Armour
 b - a +2 robe of magic resistance
 j - a +0 pair of boots (worn)
 y - a +2 pair of gloves (worn)
 D - a +0 cloak (worn)
 F - a +0 leather armour of cold resistance (worn)
 J - a +0 helmet (worn)
Jewellery
 q - a +4 ring of dexterity (left hand)
 t - a +2 ring of slaying
 u - an uncursed ring of ice
 K - an uncursed ring of sustain attributes {unknown}
 P - the ring of Vilalar (right hand) {*Drain MP+9 Int+5 Dex+5}
   (You found it on level 2 of the Lair of Beasts)

   [ring of magical power]

   It affects your intelligence (+5).
   It affects your dexterity (+5).
   It affects your magic capacity (+9).
   It causes draining when unequipped.
Wands
 g - a wand of invisibility (2)
 s - a wand of slowing (9)
 B - a wand of digging (6)
 U - a wand of draining (8)
Scrolls
 e - 2 scrolls of enchant armour {unknown}
 h - 3 scrolls of magic mapping
 i - 8 scrolls of teleportation
 m - 3 scrolls of fog
 v - 6 scrolls of identify {unknown}
 x - 3 scrolls of recharging {unknown}
 N - a scroll of amnesia {unknown}
 O - a scroll of immolation {unknown}
 R - a scroll of brand weapon {unknown}
 T - 3 scrolls of remove curse
Potions
 f - 2 potions of heal wounds
 k - a potion of ambrosia {unknown}
 l - 2 potions of lignification {unknown}
 o - 2 potions of might {unknown}
 r - 3 potions of brilliance {unknown}
 z - 9 potions of flight
 A - a potion of degeneration {unknown}
 C - a potion of haste {unknown}
 G - 2 potions of agility {unknown}
 H - a potion of cancellation {unknown}
 L - a potion of poison {unknown}
 M - 2 potions of invisibility {unknown}
 S - a potion of curing
Books
 E - a book of Debilitation

   Spells                             Type                      Level
   a - Corona                         Hexes                        1
   b - Slow                           Hexes                        2
   c - Gell's Gravitas                Hexes/Translocation          3
   d - Inner Flame                    Hexes/Fire                   3
   e - Cause Fear                     Hexes                        4
   f - Leda's Liquefaction            Hexes/Earth                  4
 Q - a book of Dreams

   Spells                             Type                      Level
   a - Ensorcelled Hibernation        Hexes/Ice                    2
   b - Phase Shift                    Translocation                5
   c - Shadow Creatures               Summoning                    5
   d - Silence                        Hexes/Air                    5
   e - Darkness                       Hexes                        6
   f - Mass Confusion                 Hexes                        6
Comestibles
 c - 5 meat rations
 p - 3 royal jellies
 w - 3 slices of pizza


   Skills:
 * Level 8.4 Fighting
 * Level 10.5 Short Blades
 + Level 3.4 Armour
 * Level 12.7 Dodging
 * Level 10.1 Stealth
 + Level 3.6 Invocations


You had 10 spell levels left.
You didn't know any spells.

Dungeon Overview and Level Annotations

Branches:
Dungeon (8/15)             Temple (0/1) D:4            Lair (2/8) D:8

Altars:
Fedhas

Shops:
D:5 }*[   D:6 [

Annotations:
Abyss:1 Gastronok


Innate Abilities, Weirdness & Mutations

You are small and have problems with some larger weapons.
You are carnivorous and can eat meat at any time.


Message History

The blink frog is severely wounded.
The blink frog closely misses you.
You puncture the blink frog!
The blink frog is almost dead.
You kill the blink frog!
Lugonu accepts your kill.
You hit the blink frog.
The blink frog looks even sicker.
The blink frog is almost dead.
The blink frog closely misses you.
You closely miss the blink frog.
The blink frog is almost dead.
You kill the blink frog!
Lugonu accepts your kill. The blink frog hits you!
* * * LOW HITPOINT WARNING * * *
The blink frog blinks!
You puncture the blink frog!
The blink frog is poisoned.
The blink frog is lightly wounded.
The blink frog hits you!
You die...

## ##### #..........## ###
#.##.#P## ##..........# #..
###......# #.........P# ##.
..P.§....## #.........#####..
.P........####............###.
#.........##..............##.
..+.......#F............#.....
#..........F#§........##...♣♣
#........##.#@.........#...♣..
#........#######.##.#.........
#####+#### ####..###.♣P...
#...##..P.... #.## #.......
#.. ##.....P. PP#+####........
#.#..P #................
#..... . # #...........P.P..


You could see 2 blink frogs.

Vanquished Creatures
  A griffon (Lair:2)
  2 black mambas
  Joseph (D:7)
  2 komodo dragons (Lair:1)
  Prince Ribbit (D:7)
  3 blink frogs (Lair:2)
  2 wargs (D:8)
  4 yaks (Lair:2)
  2 hippogriffs
  2 water moccasins
  4 wolves (Lair:1)
  The ghost of SKei0 the Sneak, an amateur VSAs (D:4)
  Duvessa (D:7)
  A black bear (D:7)
  A sky beast (D:7)
  4 ogres
  An ice beast (D:3)
  3 centaurs
  A big kobold (D:7)
  8 giant frogs
  Dowan (D:7)
  A gnoll sergeant (D:7)
  2 scorpions (D:5)
  A water moccasin skeleton (D:5)
  2 crimson imps
  2 centaur zombies (D:6)
  7 orc wizards
  A jelly (D:7)
  8 hounds
  An orc priest (D:8)
  3 iguanas
  5 worker ants
  Jessica (D:3)
  A giant frog skeleton (D:5)
  Natasha (twice) (D:3)
  A siren (Sewer)
  A merfolk avatar (Sewer)
  A hound zombie (D:7)
  7 gnolls
  A river rat (Sewer)
  8 adders
  A worm (D:2)
  An adder skeleton (D:6)
  10 giant geckos
  27 orcs
  6 hobgoblins
  10 jackals
  7 kobolds
  5 quokkas
  9 ball pythons
  A ball python skeleton (D:4)
  6 bats
  8 giant cockroaches
  6 giant newts
  13 goblins
  31 rats
243 creatures vanquished.

Vanquished Creatures (others)
  An orc warrior (D:8)
  The ghost of septik the Covered, an amateur GrFi (D:3)
  An orc wizard (D:8)
  2 fungi
5 creatures vanquished.

Grand Total: 248 creatures vanquished

Notes
Turn   | Place    | Note
--------------------------------------------------------------
     0 | Abyss:1  | JudasIscariot the Kobold Abyssal Knight began the quest for the Orb.
     0 | Abyss:1  | Reached XP level 1. HP: 14/14 MP: 2/2
    20 | D:1      | Escaped the Abyss
   105 | D:1      | Reached XP level 2. HP: 14/19 MP: 3/3
   143 | D:1      | Reached skill level 1 in Stealth
   161 | D:1      | Reached ** piety under Lugonu
   376 | D:1      | Reached XP level 3. HP: 9/24 MP: 4/4
   951 | D:2      | Reached skill level 4 in Fighting
   970 | D:2      | Reached XP level 4. HP: 13/29 MP: 5/5
  1098 | D:2      | Reached skill level 1 in Armour
  1674 | D:3      | Noticed Jessica
  1681 | D:3      | Killed Jessica
  1681 | D:3      | Reached XP level 5. HP: 33/33 MP: 6/6
  1691 | D:3      | Noticed septik's ghost (amateur GrFi)
  1729 | D:3      | Noticed Natasha
  1732 | D:3      | Killed Natasha
  2548 | D:4      | Reached XP level 6. HP: 36/39 MP: 7/7
  2585 | D:4      | Noticed SKei0's ghost (amateur VSAs)
  2653 | D:4      | Killed SKei0's ghost
  2653 | D:4      | Reached XP level 7. HP: 15/44 MP: 8/8
  2853 | D:4      | Found a staircase to the Ecumenical Temple.
  2951 | D:4      | Noticed an ogre
  2966 | D:4      | Killed an ogre
  2966 | D:4      | Reached skill level 5 in Short Blades
  2966 | D:4      | Reached skill level 5 in Dodging
  3422 | D:4      | Reached *** piety under Lugonu
  3742 | D:3      | Noticed Natasha
  3755 | D:3      | Killed Natasha
  3755 | D:3      | Reached skill level 5 in Fighting
  3889 | D:3      | Banished septik's ghost
  4220 | D:3      | Reached XP level 8. HP: 49/49 MP: 9/9
  4341 | D:5      | Entered Level 5 of the Dungeon
  4379 | D:5      | Reached skill level 6 in Dodging
  4507 | D:5      | Found Hoedaz's Antique Armour Shop.
  4513 | D:5      | Bought a pair of embroidered gloves for 135 gold pieces
  4896 | D:5      | Reached skill level 7 in Dodging
  5006 | D:5      | Found Tavuuwk's Assorted Antiques.
  5013 | D:5      | Bought a potion of curing for 63 gold pieces
  5056 | D:5      | Found Wagomi's Gadget Boutique.
  5178 | D:5      | Reached skill level 5 in Stealth
  5582 | D:6      | Found a glowing drain.
  5632 | D:6      | Reached **** piety under Lugonu
  5642 | Sewer    | Entered a sewer
  5813 | Sewer    | Reached XP level 9. HP: 38/55 MP: 10/10
  6004 | Sewer    | Noticed a drowned soul
  6004 | Sewer    | Noticed a drowned soul
  6010 | Sewer    | Noticed a drowned soul
  6011 | Sewer    | Noticed a drowned soul
  6011 | Sewer    | Noticed a drowned soul
  6014 | Sewer    | Noticed a drowned soul
  6015 | Sewer    | Noticed a drowned soul
  6019 | Sewer    | Reached ***** piety under Lugonu
  6025 | Sewer    | Noticed a drowned soul
  6028 | Sewer    | Noticed a drowned soul
  6029 | Sewer    | Noticed a drowned soul
  6030 | Sewer    | Noticed a drowned soul
  6031 | Sewer    | Noticed a drowned soul
  6032 | Sewer    | Noticed a drowned soul
  6038 | Sewer    | Noticed a drowned soul
  6039 | Sewer    | Noticed a drowned soul
  6039 | Sewer    | Noticed a drowned soul
  6042 | Sewer    | Noticed a drowned soul
  6257 | D:6      | Reached skill level 8 in Dodging
  6926 | D:6      | Found Byogomer's Armour Shop.
  7048 | D:7      | Found a blossoming altar of Fedhas.
  7091 | D:7      | Noticed Prince Ribbit
  7120 | D:7      | Killed Prince Ribbit
  7155 | D:7      | Noticed Duvessa
  7167 | D:7      | Noticed Dowan
  7177 | D:7      | Reached skill level 9 in Dodging
  7191 | D:7      | Killed Duvessa
  7223 | D:7      | Killed Dowan
  7593 | D:7      | Reached XP level 10. HP: 59/61 MP: 11/11
  7804 | D:7      | Noticed Joseph
  7840 | D:7      | Killed Joseph
  7840 | D:7      | Reached skill level 10 in Dodging
  8199 | D:8      | Found a staircase to the Lair.
  8522 | Lair:1   | Entered Level 1 of the Lair of Beasts
  8641 | Lair:1   | Noticed Gastronok
  8664 | Lair:1   | Banished Gastronok
  8664 | Lair:1   | Reached skill level 11 in Dodging
  8988 | Lair:1   | Reached XP level 11. HP: 68/68 MP: 13/13
  9688 | Lair:1   | Noticed a black mamba
  9699 | Lair:1   | Killed a black mamba
  9699 | Lair:1   | Reached skill level 12 in Dodging
  9871 | Lair:2   | Got an ancient lead ring
  9873 | Lair:2   | Identified the ring of Vilalar {*Drain MP+9 Int+5 Dex+5} (You found it on level 2 of the Lair of Beasts)
 10098 | Lair:2   | Reached skill level 10 in Short Blades
 10242 | Lair:2   | Noticed a griffon
 10247 | Lair:2   | Killed a griffon
 10247 | Lair:2   | Reached skill level 10 in Stealth
 10296 | Lair:2   | Slain by a blink frog

Action                   |  1- 3 |  4- 6 |  7- 9 | 10-12 || total
-------------------------+-------+-------+-------+-------++-------
Melee: Short sword       |   104 |   182 |       |   156 ||   442
       Dagger            |       |       |   874 |   289 ||  1163
Invok: Bend Space        |       |     1 |     2 |     1 ||     4
       Banish            |       |       |     1 |     4 ||     5
  Use: Potion            |       |     2 |     2 |     4 ||     8
       Scroll            |       |       |     5 |       ||     5
 Stab: Sleeping          |     1 |     4 |    24 |     6 ||    35
       Distracted        |       |       |     2 |     1 ||     3
  Eat: Chunk             |     9 |     3 |    24 |     8 ||    44
